1953 views
Uploaded 2023-04-18 19:34:11
Game version 1.35 (6115)
18:44 long 4on4 ladder game on (8)VanguardPoint_S2_v1.4
Saved by DKnight
1953 views
Uploaded 2023-04-18 19:34:11
Game version 1.35 (6115)
18:44 long 4on4 ladder game on (8)VanguardPoint_S2_v1.4


193 units @ 22.8k
/ 2.7k
84 buildings @ 12.9k
/ 5.7k


| Potion of Healing | 1 | 150 |
| Scroll of Town Portal | 3 | 1050 |
| Boots of Speed | 1 | 250 |
| Healing Salve | 1 | 100 |
| total: | 6 | 1550g |
| Wisp | 20 | 1200 | / | 0 |
| Archer | 4 | 520 | / | 40 |
| Mountain Giant | 1 | 350 | / | 100 |
| Hippogryph | 7 | 1120 | / | 140 |
| Dryad | 3 | 435 | / | 180 |
| Chimaera | 2 | 660 | / | 140 |
| total: | 37 | 4285g | / | 600w |
| Altar of Elders | 1 | 180 | / | 50 |
| Moon Well | 6 | 1080 | / | 240 |
| Ancient of War | 1 | 150 | / | 60 |
| Hunter's Hall | 1 | 210 | / | 100 |
| Ancient of Wonders | 1 | 90 | / | 30 |
| Tree of Life | 2 | 680 | / | 370 |
| Ancient of Wind | 2 | 300 | / | 280 |
| Ancient of Lore | 2 | 310 | / | 290 |
| Chimaera Roost | 2 | 280 | / | 380 |
| Tree of Ages | 1 | 320 | / | 180 |
| Tree of Eternity | 1 | 330 | / | 200 |
| total: | 18 | 3280g | / | 1800w |
| 0:08 | Wisp |
| 0:08 | Wisp |
| 0:08 | Wisp |
| 0:08 | Wisp |
| 0:17 | Altar of Elders |
| 0:24 | Moon Well |
| 0:43 | Wisp |
| 0:43 | Wisp |
| 1:06 | Wisp |
| 1:06 | Wisp |
| 1:14 | Ancient of War |
| 1:38 | Moon Well |
| 1:40 | Wisp |
| 1:40 | Wisp |
| 2:06 | Wisp |
| 2:15 | Moon Well |
| 2:24 | Immolation |
| 2:32 | Archer |
| 2:32 | Archer |
| 3:10 | Tree of Ages |
| 3:26 | Archer |
| 3:30 | Hunter's Hall |
| 3:51 | Archer |
| 3:55 | Evasion |
| 4:33 | Moon Well |
| 4:35 | Strength of the Wild |
| 4:35 | Reinforced Hides |
| 4:54 | Healing Salve |
| 5:17 | Ancient of Wonders |
| 5:41 | Ancient of Wind |
| 5:45 | Ancient of Lore |
| 5:48 | Ancient of Lore |
| 5:50 | Wisp |
| 5:50 | Wisp |
| 5:50 | Wisp |
| 6:09 | Immolation |
| 6:14 | Tree of Life |
| 6:55 | Tree of Eternity |
| 8:05 | Mountain Giant |
| 8:15 | Wisp |
| 8:15 | Wisp |
| 8:16 | Wisp |
| 8:16 | Wisp |
| 8:19 | Wisp |
| 8:47 | Scroll of Town Portal |
| 8:54 | Abolish Magic |
| 9:46 | Potion of Healing |
| 9:47 | Scroll of Town Portal |
| 10:02 | Hippogryph |
| 10:02 | Hippogryph |
| 10:22 | Chimaera Roost |
| 10:35 | Dryad |
| 10:47 | Moon Well |
| 10:51 | Chimaera Roost |
| 10:54 | Improved Strength of the Wild |
| 10:55 | Wisp |
| 11:37 | Dryad |
| 12:19 | Scroll of Town Portal |
| 12:24 | Chimaera |
| 13:03 | Moon Well |
| 13:20 | Evasion |
| 13:25 | Trueshot Aura |
| 14:04 | Boots of Speed |
| 14:12 | Tree of Life |
| 15:52 | Chimaera |
| 15:57 | Improved Reinforced Hides |
| 16:28 | Hippogryph |
| 16:29 | Hippogryph |
| 16:46 | Dryad |
| 17:02 | Ancient of Wind |
| 17:16 | Hippogryph |
| 18:18 | Hippogryph |
| 18:19 | Hippogryph |
| Right click | 310 |
| Select | 211 |
| Build/train/purchase | 93 |
| Use ability | 12 |
| Minimap ping | 8 |
| Item give/drop | 3 |
| Misc. action | 1 |
| Remove unit | 1 |


| Healing Salve | 2 | 200 |
| Boots of Speed | 1 | 250 |
| total: | 3 | 450g |
| Peon | 15 | 1125 | / | 0 |
| Grunt | 2 | 400 | / | 0 |
| Troll Headhunter | 18 | 2520 | / | 360 |
| Shaman | 8 | 1040 | / | 160 |
| total: | 43 | 5085g | / | 520w |
| Watch Tower | 1 | 110 | / | 80 |
| Orc Burrow | 5 | 800 | / | 200 |
| Altar of Storms | 1 | 180 | / | 50 |
| Barracks | 1 | 180 | / | 50 |
| War Mill | 3 | 615 | / | 0 |
| Voodoo Lounge | 1 | 130 | / | 30 |
| Great Hall | 1 | 385 | / | 185 |
| Spirit Lodge | 1 | 150 | / | 150 |
| Stronghold | 1 | 315 | / | 190 |
| Fortress | 1 | 325 | / | 190 |
| total: | 14 | 2550g | / | 745w |
| 0:05 | Peon |
| 0:09 | Orc Burrow |
| 0:13 | Altar of Storms |
| 0:17 | Peon |
| 0:32 | Peon |
| 0:43 | Barracks |
| 0:57 | Peon |
| 1:15 | Peon |
| 1:42 | War Mill |
| 1:47 | War Mill |
| 1:49 | Peon |
| 1:56 | Orc Burrow |
| 1:58 | Grunt |
| 2:13 | War Mill |
| 2:22 | Voodoo Lounge |
| 2:29 | Endurance Aura |
| 2:44 | Orc Burrow |
| 2:57 | Grunt |
| 3:25 | Troll Headhunter |
| 3:29 | Healing Salve |
| 3:51 | Stronghold |
| 4:12 | Troll Headhunter |
| 4:13 | Troll Headhunter |
| 4:16 | Shockwave |
| 4:27 | Spiked Barricades |
| 4:30 | Troll Headhunter |
| 4:38 | Healing Salve |
| 4:44 | Troll Headhunter |
| 5:40 | Great Hall |
| 5:44 | Troll Headhunter |
| 6:11 | Steel Ranged Weapons |
| 6:11 | Steel Armor |
| 6:49 | Endurance Aura |
| 7:00 | Troll Regeneration |
| 7:02 | Peon |
| 7:46 | Healing Wave |
| 7:53 | Spirit Lodge |
| 7:56 | Orc Burrow |
| 8:27 | Troll Headhunter |
| 8:32 | Troll Headhunter |
| 8:43 | Peon |
| 8:43 | Peon |
| 8:43 | Peon |
| 8:43 | Peon |
| 8:53 | Peon |
| 8:53 | Peon |
| 9:00 | Troll Headhunter |
| 9:17 | Shaman Adept Training |
| 9:45 | Troll Headhunter |
| 10:16 | Troll Headhunter |
| 11:40 | Fortress |
| 12:04 | Shaman |
| 12:04 | Shaman |
| 12:04 | Shaman |
| 12:08 | Troll Headhunter |
| 12:08 | Troll Headhunter |
| 12:08 | Troll Headhunter |
| 12:29 | Troll Headhunter |
| 12:29 | Troll Headhunter |
| 12:29 | Troll Headhunter |
| 12:49 | Watch Tower |
| 13:17 | Shaman |
| 13:22 | Thorium Ranged Weapons |
| 13:22 | Thorium Armor |
| 13:22 | Improved Spiked Barricades |
| 13:27 | Peon |
| 13:29 | Peon |
| 14:04 | Shaman Master Training |
| 14:04 | Shaman |
| 14:04 | Shaman |
| 14:12 | Berserker Upgrade |
| 14:28 | Boots of Speed |
| 14:41 | Troll Headhunter |
| 14:43 | Shaman |
| 14:44 | Shaman |
| 14:47 | Orc Burrow |
| 15:42 | Serpent Ward |
| Right click | 567 |
| Select | 255 |
| Build/train/purchase | 72 |
| Use ability | 22 |
| Resource trade | 12 |
| Remove unit | 3 |



| Lesser Clarity Potion | 3 | 210 |
| Staff of Sanctuary | 1 | 250 |
| Orb of Fire | 1 | 325 |
| Potion of Mana | 1 | 200 |
| Scroll of Regeneration | 1 | 100 |
| Scroll of Town Portal | 2 | 700 |
| Scroll of Healing | 1 | 250 |
| Staff of Teleportation | 1 | 150 |
| Scroll of Protection | 1 | 150 |
| total: | 12 | 2335g |
| Peasant | 16 | 1200 | / | 0 |
| Footman | 4 | 540 | / | 0 |
| Mortar Team | 7 | 1260 | / | 490 |
| Rifleman | 8 | 1640 | / | 240 |
| Siege Engine | 1 | 195 | / | 60 |
| Knight | 3 | 735 | / | 180 |
| Priest | 3 | 405 | / | 30 |
| Shaman | 1 | 130 | / | 20 |
| Troll Berserker | 8 | 1120 | / | 160 |
| Peon | 2 | 150 | / | 0 |
| total: | 53 | 7375g | / | 1180w |
| Farm | 16 | 1280 | / | 320 |
| Barracks | 3 | 480 | / | 180 |
| Altar of Kings | 1 | 180 | / | 50 |
| Lumber Mill | 1 | 120 | / | 0 |
| Town Hall | 1 | 385 | / | 205 |
| Blacksmith | 3 | 420 | / | 180 |
| Arcane Vault | 1 | 130 | / | 30 |
| Workshop | 2 | 280 | / | 280 |
| Arcane Sanctum | 1 | 150 | / | 140 |
| Keep | 1 | 320 | / | 210 |
| Castle | 1 | 360 | / | 210 |
| Watch Tower | 2 | 220 | / | 160 |
| Barracks | 1 | 180 | / | 50 |
| total: | 32 | 3825g | / | 1595w |
| 0:02 | Peasant |
| 0:02 | Peasant |
| 0:09 | Peasant |
| 0:19 | Farm |
| 0:20 | Farm |
| 0:22 | Barracks |
| 0:24 | Altar of Kings |
| 0:25 | Peasant |
| 0:29 | Peasant |
| 0:37 | Barracks |
| 0:39 | Barracks |
| 0:50 | Peasant |
| 1:01 | Farm |
| 1:02 | Peasant |
| 1:03 | Peasant |
| 1:18 | Peasant |
| 1:23 | Lumber Mill |
| 1:32 | Peasant |
| 1:40 | Peasant |
| 1:47 | Farm |
| 1:59 | Footman |
| 2:03 | Peasant |
| 2:14 | Farm |
| 2:24 | Peasant |
| 2:33 | Summon Water Elemental |
| 2:46 | Footman |
| 2:48 | Peasant |
| 2:59 | Peasant |
| 3:12 | Footman |
| 3:51 | Town Hall |
| 3:58 | Brilliance Aura |
| 4:18 | Keep |
| 4:55 | Footman |
| 5:14 | Blacksmith |
| 5:17 | Blacksmith |
| 5:19 | Farm |
| 5:22 | Blacksmith |
| 5:24 | Arcane Vault |
| 5:47 | Blizzard |
| 5:51 | Staff of Teleportation |
| 6:12 | Farm |
| 6:16 | Farm |
| 6:18 | Farm |
| 6:19 | Farm |
| 6:20 | Farm |
| 6:20 | Farm |
| 6:22 | Farm |
| 6:26 | Improved Lumber Harvesting |
| 6:47 | Farm |
| 6:49 | Black Gunpowder |
| 6:51 | Workshop |
| 6:55 | Castle |
| 7:47 | Farm |
| 8:03 | Storm Bolt |
| 8:10 | Workshop |
| 8:11 | Refined Gunpowder |
| 8:13 | Advanced Lumber Harvesting |
| 8:17 | Peasant |
| 9:36 | Mortar Team |
| 9:36 | Fragmentation Shards |
| 9:47 | Iron Plating |
| 9:49 | Scroll of Town Portal |
| 9:49 | Lesser Clarity Potion |
| 9:51 | Staff of Sanctuary |
| 10:02 | Orb of Fire |
| 10:03 | Lesser Clarity Potion |
| 10:05 | Potion of Mana |
| 10:08 | Rifleman |
| 10:08 | Rifleman |
| 10:08 | Rifleman |
| 10:26 | Siege Engine |
| 10:40 | Holy Light |
| 10:45 | Scroll of Town Portal |
| 10:53 | Rifleman |
| 11:33 | Rifleman |
| 11:37 | Knight |
| 11:37 | Knight |
| 11:37 | Animal War Training |
| 11:38 | Iron Forged Swords |
| 12:08 | Mortar Team |
| 12:09 | Barrage |
| 12:26 | Improved Masonry |
| 12:28 | Knight |
| 12:32 | Farm |
| 12:56 | Arcane Sanctum |
| 13:07 | Mortar Team |
| 13:07 | Flare |
| 13:24 | Studded Leather Armor |
| 13:59 | Priest |
| 13:59 | Priest |
| 14:00 | Priest Adept Training |
| 14:02 | Priest |
| 14:15 | Scroll of Protection |
| 14:20 | Scroll of Healing |
| 14:49 | Bash |
| 14:57 | Summon Water Elemental |
| 15:48 | Mortar Team |
| 15:54 | Rifleman |
| 15:54 | Rifleman |
| 16:03 | Shaman |
| 16:11 | Reinforced Defenses |
| 16:13 | Troll Berserker |
| 16:13 | Troll Berserker |
| 16:13 | Troll Berserker |
| 16:17 | Barracks |
| 16:19 | Watch Tower |
| 16:21 | Watch Tower |
| 16:25 | Peon |
| 16:28 | Peon |
| 16:31 | Troll Berserker |
| 16:31 | Troll Berserker |
| 16:31 | Troll Berserker |
| 16:33 | Scroll of Regeneration |
| 16:34 | Lesser Clarity Potion |
| 16:37 | Rifleman |
| 16:53 | Mortar Team |
| 16:53 | Mortar Team |
| 17:04 | Long Rifles |
| 17:08 | Troll Berserker |
| 17:10 | Spiked Barricades |
| 17:28 | Mortar Team |
| 17:47 | Troll Berserker |
| 18:22 | Devotion Aura |
| Select | 558 |
| Right click | 511 |
| Misc. action | 137 |
| Build/train/purchase | 130 |
| Use ability | 61 |
| Select group | 39 |
| Minimap ping | 24 |
| Assign group | 21 |
| Item give/drop | 6 |
| Remove unit | 4 |
| Esc | 4 |
| Chat | 4 |
HateLoss
(3)
(18:20) : 
| Potion of Healing | 2 | 300 |
| Anti-magic Potion | 2 | 200 |
| Scroll of Town Portal | 3 | 1050 |
| Periapt of Vitality | 1 | 325 |
| Scroll of Speed | 1 | 50 |
| total: | 9 | 1925g |
| Wisp | 32 | 1920 | / | 0 |
| Archer | 13 | 1690 | / | 130 |
| Hippogryph | 15 | 2400 | / | 300 |
| total: | 60 | 6010g | / | 430w |
| Ancient Protector | 5 | 675 | / | 400 |
| Altar of Elders | 1 | 180 | / | 50 |
| Moon Well | 5 | 900 | / | 200 |
| Ancient of War | 2 | 300 | / | 120 |
| Tree of Life | 1 | 340 | / | 185 |
| Hunter's Hall | 1 | 210 | / | 100 |
| Ancient of Wonders | 2 | 180 | / | 60 |
| Ancient of Wind | 3 | 450 | / | 420 |
| Tree of Ages | 1 | 320 | / | 180 |
| Tree of Eternity | 1 | 330 | / | 200 |
| total: | 20 | 3235g | / | 1535w |
| 0:02 | Wisp |
| 0:02 | Wisp |
| 0:07 | Altar of Elders |
| 0:11 | Moon Well |
| 0:26 | Ancient of War |
| 0:37 | Wisp |
| 0:51 | Wisp |
| 0:51 | Wisp |
| 0:51 | Wisp |
| 0:52 | Wisp |
| 1:15 | Wisp |
| 1:33 | Archer |
| 1:36 | Archer |
| 1:38 | Wisp |
| 1:49 | Moon Well |
| 2:23 | Searing Arrows |
| 2:32 | Wisp |
| 2:33 | Wisp |
| 2:33 | Wisp |
| 3:16 | Tree of Ages |
| 3:18 | Archer |
| 3:18 | Archer |
| 3:37 | Moon Well |
| 3:50 | Archer |
| 3:50 | Archer |
| 4:26 | Trueshot Aura |
| 4:41 | Tree of Life |
| 4:49 | Hunter's Hall |
| 5:38 | Ancient of Wind |
| 5:40 | Ancient of Wind |
| 5:47 | Ancient of Wind |
| 5:53 | Ancient of War |
| 6:02 | Ancient of Wonders |
| 6:04 | Ultravision |
| 6:04 | Strength of the Moon |
| 6:12 | Trueshot Aura |
| 6:17 | Wisp |
| 6:17 | Wisp |
| 6:17 | Wisp |
| 6:18 | Wisp |
| 6:52 | Wisp |
| 6:52 | Wisp |
| 6:52 | Wisp |
| 6:52 | Wisp |
| 6:53 | Wisp |
| 7:56 | Ancient of Wonders |
| 7:58 | Ancient Protector |
| 8:00 | Ancient Protector |
| 8:02 | Ancient Protector |
| 8:06 | Ancient Protector |
| 8:08 | Ancient Protector |
| 8:12 | Moon Well |
| 8:15 | Wisp |
| 8:15 | Wisp |
| 8:15 | Wisp |
| 8:27 | Improved Bows |
| 8:41 | Wisp |
| 8:41 | Wisp |
| 8:41 | Wisp |
| 8:52 | Hippogryph |
| 8:56 | Hippogryph |
| 9:04 | Nature's Blessing |
| 9:29 | Improved Strength of the Moon |
| 9:35 | Moon Well |
| 9:40 | Wisp |
| 9:40 | Wisp |
| 10:04 | Hippogryph |
| 10:05 | Archer |
| 10:17 | Tree of Eternity |
| 10:33 | Moon Armor |
| 10:39 | Potion of Healing |
| 11:36 | Searing Arrows |
| 11:37 | Scroll of Town Portal |
| 11:38 | Scroll of Speed |
| 11:38 | Potion of Healing |
| 11:47 | Wisp |
| 11:47 | Wisp |
| 11:47 | Wisp |
| 12:04 | Improved Moon Armor |
| 12:25 | Hippogryph |
| 12:26 | Archer |
| 12:30 | Scroll of Town Portal |
| 12:38 | Anti-magic Potion |
| 12:47 | Archer |
| 12:49 | Hippogryph |
| 12:51 | Advanced Strength of the Moon |
| 12:52 | Well Spring |
| 13:00 | Marksmanship |
| 13:28 | Archer |
| 13:29 | Hippogryph |
| 14:05 | Archer |
| 14:06 | Hippogryph |
| 14:22 | Periapt of Vitality |
| 14:37 | Advanced Moon Armor |
| 15:37 | Hippogryph |
| 15:39 | Archer |
| 16:14 | Hippogryph |
| 16:16 | Archer |
| 16:17 | Scroll of Town Portal |
| 16:18 | Anti-magic Potion |
| 16:37 | Strength of the Wild |
| 16:37 | Reinforced Hides |
| 16:39 | Hippogryph |
| 16:39 | Hippogryph |
| 16:39 | Hippogryph |
| 16:56 | Hippogryph |
| 17:53 | Hippogryph |
| 17:53 | Hippogryph |
| Right click | 401 |
| Select | 344 |
| Build/train/purchase | 115 |
| Select group | 70 |
| Assign group | 60 |
| Use ability | 17 |
| Minimap ping | 10 |
| Resource trade | 9 |
| Item give/drop | 4 |
| Remove unit | 3 |
| Misc. action | 1 |
123 units @ 17.3k
/ 2.7k
74 buildings @ 12.2k
/ 4.4k


| Lesser Clarity Potion | 4 | 280 |
| Scroll of Regeneration | 2 | 200 |
| Potion of Mana | 2 | 400 |
| Potion of Healing | 1 | 150 |
| Ivory Tower | 2 | 80 |
| Scroll of Town Portal | 1 | 350 |
| Scroll of Healing | 2 | 500 |
| Boots of Speed | 1 | 250 |
| total: | 15 | 2210g |
| Peasant | 12 | 900 | / | 0 |
| Rifleman | 8 | 1640 | / | 240 |
| Priest | 4 | 540 | / | 40 |
| total: | 24 | 3080g | / | 280w |
| Scout Tower | 3 | 90 | / | 60 |
| Arcane Tower | 1 | 70 | / | 50 |
| Guard Tower | 2 | 140 | / | 100 |
| Farm | 9 | 720 | / | 180 |
| Blacksmith | 1 | 140 | / | 60 |
| Barracks | 1 | 160 | / | 60 |
| Altar of Kings | 1 | 180 | / | 50 |
| Arcane Vault | 2 | 260 | / | 60 |
| Lumber Mill | 1 | 120 | / | 0 |
| Town Hall | 2 | 770 | / | 410 |
| Arcane Sanctum | 1 | 150 | / | 140 |
| Keep | 2 | 640 | / | 420 |
| Castle | 1 | 360 | / | 210 |
| total: | 21 | 2590g | / | 1020w |
| 0:03 | Peasant |
| 0:03 | Peasant |
| 0:09 | Peasant |
| 0:33 | Peasant |
| 0:49 | Farm |
| 0:53 | Blacksmith |
| 0:55 | Peasant |
| 1:05 | Barracks |
| 1:09 | Peasant |
| 1:17 | Altar of Kings |
| 1:25 | Peasant |
| 1:32 | Peasant |
| 1:37 | Farm |
| 2:15 | Rifleman |
| 2:18 | Farm |
| 2:32 | Rifleman |
| 2:48 | Rifleman |
| 3:07 | Rifleman |
| 3:22 | Holy Light |
| 3:26 | Rifleman |
| 3:47 | Peasant |
| 3:47 | Peasant |
| 3:56 | Peasant |
| 4:08 | Divine Shield |
| 4:14 | Peasant |
| 4:15 | Farm |
| 4:47 | Rifleman |
| 4:48 | Keep |
| 5:19 | Arcane Vault |
| 5:21 | Farm |
| 5:57 | Boots of Speed |
| 6:06 | Holy Light |
| 6:09 | Black Gunpowder |
| 6:13 | Lumber Mill |
| 6:18 | Farm |
| 6:21 | Lesser Clarity Potion |
| 6:23 | Scroll of Regeneration |
| 6:44 | Lesser Clarity Potion |
| 7:12 | Lesser Clarity Potion |
| 7:13 | Potion of Mana |
| 7:36 | Arcane Sanctum |
| 7:37 | Long Rifles |
| 8:06 | Siphon Mana |
| 8:26 | Priest |
| 8:26 | Priest |
| 9:38 | Rifleman |
| 9:40 | Farm |
| 9:42 | Improved Lumber Harvesting |
| 9:47 | Priest Adept Training |
| 9:48 | Refined Gunpowder |
| 10:09 | Devotion Aura |
| 10:41 | Priest |
| 10:52 | Arcane Vault |
| 11:10 | Studded Leather Armor |
| 11:21 | Castle |
| 12:14 | Priest |
| 12:16 | Scroll of Regeneration |
| 12:16 | Lesser Clarity Potion |
| 12:17 | Scroll of Town Portal |
| 12:21 | Potion of Mana |
| 12:24 | Potion of Healing |
| 12:46 | Flame Strike |
| 12:58 | Ivory Tower |
| 12:59 | Ivory Tower |
| 13:10 | Town Hall |
| 13:56 | Rifleman |
| 13:59 | Reinforced Leather Armor |
| 14:15 | Priest Master Training |
| 14:18 | Improved Masonry |
| 14:22 | Farm |
| 14:22 | Farm |
| 15:08 | Holy Light |
| 15:25 | Flame Strike |
| 16:00 | Keep |
| 16:01 | Arcane Tower |
| 16:02 | Guard Tower |
| 16:02 | Scout Tower |
| 16:15 | Town Hall |
| 16:23 | Scroll of Healing |
| 16:33 | Scroll of Healing |
| 16:53 | Guard Tower |
| 16:54 | Scout Tower |
| 16:54 | Scout Tower |
| 17:52 | Siphon Mana |
| 18:10 | Resurrection |
| Select group | 1227 |
| Chat | 985 |
| Right click | 911 |
| Select | 459 |
| Misc. action | 164 |
| Use ability | 94 |
| Build/train/purchase | 92 |
| Assign group | 28 |
| Item give/drop | 6 |
| Esc | 2 |
| Remove unit | 1 |


| Rod of Necromancy | 2 | 300 |
| Orb of Corruption | 1 | 375 |
| Potion of Mana | 1 | 200 |
| Scroll of Town Portal | 1 | 350 |
| total: | 5 | 1225g |
| Acolyte | 7 | 525 | / | 0 |
| Ghoul | 8 | 960 | / | 0 |
| Crypt Fiend | 1 | 215 | / | 40 |
| Gargoyle | 12 | 2100 | / | 360 |
| Frost Wyrm | 3 | 1155 | / | 360 |
| total: | 31 | 4955g | / | 760w |
| Nerubian Tower | 1 | 100 | / | 20 |
| Crypt | 2 | 400 | / | 100 |
| Altar of Darkness | 1 | 180 | / | 50 |
| Ziggurat | 7 | 1050 | / | 350 |
| Tomb of Relics | 1 | 130 | / | 30 |
| Graveyard | 1 | 215 | / | 0 |
| Necropolis | 3 | 675 | / | 0 |
| Boneyard | 2 | 350 | / | 400 |
| Halls of the Dead | 1 | 320 | / | 210 |
| Black Citadel | 1 | 325 | / | 230 |
| total: | 17 | 3000g | / | 930w |
| 0:03 | Acolyte |
| 0:03 | Acolyte |
| 0:14 | Crypt |
| 0:35 | Altar of Darkness |
| 0:42 | Ziggurat |
| 1:04 | Tomb of Relics |
| 1:22 | Ghoul |
| 1:40 | Graveyard |
| 1:49 | Ziggurat |
| 1:55 | Ghoul |
| 2:20 | Ghoul |
| 2:42 | Death Coil |
| 2:43 | Rod of Necromancy |
| 2:45 | Ghoul |
| 3:24 | Acolyte |
| 3:39 | Ghoul |
| 3:40 | Ghoul |
| 3:43 | Halls of the Dead |
| 4:24 | Necropolis |
| 4:31 | Necropolis |
| 4:43 | Crypt Fiend |
| 4:44 | Ghoul |
| 4:45 | Ghoul |
| 4:52 | Unholy Aura |
| 6:36 | Crypt |
| 6:41 | Ziggurat |
| 6:45 | Black Citadel |
| 6:46 | Acolyte |
| 6:47 | Acolyte |
| 6:47 | Acolyte |
| 6:47 | Acolyte |
| 6:51 | Ziggurat |
| 6:51 | Ziggurat |
| 7:06 | Death Coil |
| 7:35 | Rod of Necromancy |
| 7:47 | Gargoyle |
| 8:27 | Gargoyle |
| 8:31 | Nerubian Tower |
| 8:36 | Ziggurat |
| 8:43 | Gargoyle |
| 8:46 | Creature Attack |
| 8:46 | Creature Carapace |
| 9:06 | Frost Nova |
| 9:46 | Gargoyle |
| 9:49 | Boneyard |
| 9:50 | Boneyard |
| 9:53 | Ziggurat |
| 11:21 | Gargoyle |
| 11:23 | Frost Wyrm |
| 11:28 | Orb of Corruption |
| 11:32 | Scroll of Town Portal |
| 11:37 | Gargoyle |
| 11:57 | Gargoyle |
| 12:26 | Gargoyle |
| 13:06 | Unholy Aura |
| 13:19 | Frost Wyrm |
| 13:22 | Gargoyle |
| 13:26 | Gargoyle |
| 13:26 | Gargoyle |
| 14:00 | Potion of Mana |
| 14:14 | Improved Creature Attack |
| 14:14 | Improved Creature Carapace |
| 14:18 | Frost Armor |
| 15:40 | Frost Nova |
| 16:08 | Death Coil |
| 16:27 | Gargoyle |
| 16:29 | Frost Wyrm |
| 16:54 | Necropolis |
| 17:05 | Frost Armor |
| 17:25 | Advanced Creature Attack |
| 17:28 | Stone Form |
| Chat | 523 |
| Right click | 521 |
| Select | 175 |
| Select group | 148 |
| Assign group | 74 |
| Build/train/purchase | 69 |
| Use ability | 38 |
| Misc. action | 15 |
| Resource trade | 8 |
| Item give/drop | 4 |
| Remove unit | 1 |
| Minimap ping | 1 |


| Rod of Necromancy | 2 | 300 |
| Potion of Healing | 2 | 300 |
| Orb of Corruption | 1 | 375 |
| Scroll of Town Portal | 1 | 350 |
| Scroll of Healing | 3 | 750 |
| Potion of Lesser Invulnerability | 3 | 450 |
| total: | 12 | 2525g |
| Acolyte | 7 | 525 | / | 0 |
| Ghoul | 3 | 360 | / | 0 |
| Crypt Fiend | 15 | 3225 | / | 600 |
| Obsidian Statue | 3 | 600 | / | 105 |
| total: | 28 | 4710g | / | 705w |
| Spirit Tower | 1 | 145 | / | 40 |
| Nerubian Tower | 1 | 100 | / | 20 |
| Crypt | 2 | 400 | / | 100 |
| Graveyard | 1 | 215 | / | 0 |
| Altar of Darkness | 1 | 180 | / | 50 |
| Ziggurat | 8 | 1200 | / | 400 |
| Tomb of Relics | 1 | 130 | / | 30 |
| Necropolis | 2 | 450 | / | 0 |
| Slaughterhouse | 1 | 140 | / | 135 |
| Halls of the Dead | 1 | 320 | / | 210 |
| Black Citadel | 1 | 325 | / | 230 |
| total: | 16 | 2715g | / | 715w |
| 0:02 | Acolyte |
| 0:02 | Acolyte |
| 0:10 | Crypt |
| 0:33 | Graveyard |
| 0:48 | Altar of Darkness |
| 0:57 | Ziggurat |
| 1:13 | Ghoul |
| 1:35 | Ziggurat |
| 1:44 | Tomb of Relics |
| 1:52 | Ghoul |
| 2:13 | Crypt Fiend |
| 2:45 | Crypt Fiend |
| 2:50 | Rod of Necromancy |
| 2:57 | Death Coil |
| 3:22 | Halls of the Dead |
| 4:02 | Crypt Fiend |
| 4:04 | Ziggurat |
| 4:06 | Ziggurat |
| 4:07 | Ziggurat |
| 4:14 | Unholy Aura |
| 4:31 | Crypt Fiend |
| 5:07 | Crypt Fiend |
| 5:45 | Death Coil |
| 5:48 | Acolyte |
| 6:01 | Slaughterhouse |
| 6:34 | Necropolis |
| 6:49 | Necropolis |
| 6:56 | Frost Nova |
| 7:04 | Rod of Necromancy |
| 7:12 | Potion of Healing |
| 7:15 | Acolyte |
| 7:48 | Black Citadel |
| 8:28 | Obsidian Statue |
| 8:32 | Death Pact |
| 8:37 | Web |
| 8:40 | Ziggurat |
| 8:40 | Acolyte |
| 8:41 | Acolyte |
| 8:42 | Acolyte |
| 8:48 | Creature Attack |
| 8:57 | Dark Ritual |
| 9:49 | Crypt Fiend |
| 9:52 | Improved Creature Attack |
| 10:11 | Burrow |
| 10:29 | Obsidian Statue |
| 10:33 | Ghoul |
| 11:31 | Scroll of Town Portal |
| 11:32 | Scroll of Healing |
| 11:32 | Orb of Corruption |
| 11:38 | Ziggurat |
| 11:40 | Destroyer Form |
| 11:42 | Crypt Fiend |
| 11:45 | Scroll of Healing |
| 11:48 | Crypt |
| 12:04 | Potion of Healing |
| 12:18 | Creature Carapace |
| 12:33 | Potion of Lesser Invulnerability |
| 12:53 | Crypt Fiend |
| 12:54 | Obsidian Statue |
| 12:57 | Spirit Tower |
| 12:59 | Nerubian Tower |
| 13:00 | Ziggurat |
| 13:02 | Crypt Fiend |
| 13:06 | Potion of Lesser Invulnerability |
| 13:14 | Crypt Fiend |
| 13:24 | Crypt Fiend |
| 13:29 | Frost Nova |
| 14:04 | Crypt Fiend |
| 14:42 | Scroll of Healing |
| 14:49 | Crypt Fiend |
| 15:52 | Death Coil |
| 16:29 | Potion of Lesser Invulnerability |
| 16:34 | Crypt Fiend |
| 16:36 | Improved Creature Carapace |
| 17:53 | Crypt Fiend |
| 18:23 | Dark Ritual |
| 18:39 | Animate Dead |
| Right click | 1025 |
| Select group | 885 |
| Select | 327 |
| Misc. action | 128 |
| Build/train/purchase | 100 |
| Use ability | 64 |
| Assign group | 46 |
| Item give/drop | 3 |
| Remove unit | 1 |


| Staff of Preservation | 1 | 150 |
| Orb of Venom | 1 | 325 |
| total: | 2 | 475g |
| Wisp | 23 | 1380 | / | 0 |
| Archer | 5 | 650 | / | 50 |
| Dryad | 8 | 1160 | / | 480 |
| Mountain Giant | 4 | 1400 | / | 400 |
| total: | 40 | 4590g | / | 930w |
| Altar of Elders | 1 | 180 | / | 50 |
| Moon Well | 8 | 1440 | / | 320 |
| Ancient of War | 2 | 300 | / | 120 |
| Hunter's Hall | 1 | 210 | / | 100 |
| Tree of Life | 3 | 1020 | / | 555 |
| Ancient of Wonders | 1 | 90 | / | 30 |
| Ancient of Wind | 2 | 300 | / | 280 |
| Ancient of Lore | 2 | 310 | / | 290 |
| Tree of Ages | 1 | 320 | / | 180 |
| Tree of Eternity | 1 | 330 | / | 200 |
| total: | 20 | 3850g | / | 1745w |
| 0:03 | Wisp |
| 0:03 | Wisp |
| 0:03 | Wisp |
| 0:04 | Wisp |
| 0:04 | Wisp |
| 0:04 | Wisp |
| 0:21 | Altar of Elders |
| 0:32 | Moon Well |
| 1:03 | Ancient of War |
| 1:28 | Wisp |
| 1:28 | Wisp |
| 1:38 | Moon Well |
| 1:55 | Wisp |
| 1:58 | Moon Well |
| 2:00 | Wisp |
| 2:00 | Wisp |
| 2:06 | Archer |
| 2:21 | Archer |
| 2:27 | Force of Nature |
| 2:40 | Ancient of War |
| 2:44 | Wisp |
| 2:46 | Archer |
| 4:06 | Entangling Roots |
| 4:10 | Tree of Ages |
| 4:11 | Archer |
| 4:11 | Archer |
| 4:52 | Moon Well |
| 4:55 | Hunter's Hall |
| 5:36 | Force of Nature |
| 6:30 | Tree of Life |
| 6:40 | Ancient of Wind |
| 6:41 | Ancient of Wind |
| 6:43 | Ancient of Wonders |
| 7:12 | Ancient of Lore |
| 7:14 | Ancient of Lore |
| 7:18 | Ultravision |
| 7:19 | Wisp |
| 7:19 | Wisp |
| 7:40 | Trueshot Aura |
| 7:46 | Moon Well |
| 8:09 | Entangling Roots |
| 8:12 | Strength of the Wild |
| 8:52 | Dryad |
| 9:08 | Mountain Giant |
| 9:10 | Tree of Eternity |
| 9:14 | Tree of Life |
| 9:40 | Abolish Magic |
| 9:40 | Dryad |
| 9:44 | Reinforced Hides |
| 10:04 | Searing Arrows |
| 10:07 | Mountain Giant |
| 10:09 | Moon Well |
| 11:01 | Dryad |
| 11:03 | Mountain Giant |
| 11:35 | Hardened Skin |
| 11:35 | Resistant Skin |
| 11:42 | Dryad |
| 12:12 | Improved Strength of the Wild |
| 12:14 | Wisp |
| 12:57 | Dryad |
| 13:02 | Trueshot Aura |
| 13:20 | Improved Reinforced Hides |
| 13:22 | Wisp |
| 13:22 | Wisp |
| 13:41 | Tree of Life |
| 13:58 | Staff of Preservation |
| 14:22 | Orb of Venom |
| 14:54 | Dryad |
| 15:07 | Entangling Roots |
| 15:54 | Dryad |
| 15:57 | Wisp |
| 15:57 | Wisp |
| 15:57 | Wisp |
| 15:57 | Wisp |
| 15:57 | Wisp |
| 16:02 | Searing Arrows |
| 16:32 | Wisp |
| 17:04 | Mountain Giant |
| 17:06 | Moon Well |
| 17:50 | Moon Well |
| 17:51 | Dryad |
| 18:25 | Tranquility |
| Right click | 851 |
| Select group | 407 |
| Select | 397 |
| Build/train/purchase | 81 |
| Chat | 32 |
| Use ability | 26 |
| Assign group | 24 |
| Minimap ping | 7 |
| Esc | 5 |
| Item give/drop | 2 |
| Misc. action | 1 |
⇛